TOP OF THE 1ST |
Hickory Crawdads batting - Pitching for Cedar Rapids Kernels : RHP Orlando Guapo
|
Pitching: RHP Orlando Guapo
|
|
Batting: RHB Theo van Gent
|
0-0: Ball 1-0: Foul Ball, location: 2F 1-1: Ball 2-1: Ball 3-1: Called Strike 3-2: Ground out 6-3 (Groundball, 6, EV 93.1 MPH)
|
Batting: RHB Luke Stark
|
0-0: Foul Ball, location: 2F 0-1: Ground out 4-3 (Groundball, 4, EV 87.5 MPH)
|
Batting: RHB Bobby Larson
|
0-0: Ball 1-0: Swinging Strike 1-1: Foul Ball, location: 2F 1-2: Ball 2-2: Ball 3-2: Base on Balls
|
Batting: LHB Franklin Quezada
|
0-0: 2-RUN HOME RUN (Flyball, 9D, EV 96.9 MPH), Distance : 371 ft
|
Batting: LHB Casper Kersten
|
0-0: Ball 1-0: Ball 2-0: Reached on error, E4 (Popup, 23, EV 80.6 MPH)
|
Batting: RHB Chris Powell
|
0-0: Ball Casper Kersten is caught stealing 2nd base 2-4
|
Top of the 1st over - 2 runs, 1 hit, 1 error, 0 left on base; Hickory 2 - Cedar Rapids 0 |
BOTTOM OF THE 1ST |
Cedar Rapids Kernels batting - Pitching for Hickory Crawdads : RHP Dan Landry
|
Pitching: RHP Dan Landry
|
|
Batting: RHB Mike Craver
|
0-0: Ball 1-0: Ball 2-0: Called Strike 2-1: Foul Ball, location: 2F 2-2: Strikes out swinging
|
Batting: SHB Shohei Fujii
|
0-0: Swinging Strike 0-1: Ground out 6-3 (Groundball, 4MS, EV 68.8 MPH)
|
Batting: LHB Israel Montoya
|
0-0: Ball 1-0: Ball 2-0: Foul Ball, location: 2F 2-1: Foul Ball, location: 2F 2-2: Foul Ball, location: 2F 2-2: Fly out, F9 (Line Drive, 9, EV 106.3 MPH)
|
Bottom of the 1st over - 0 runs, 0 hits, 0 errors, 0 left on base; Hickory 2 - Cedar Rapids 0 |
TOP OF THE 2ND |
Hickory Crawdads batting - Pitching for Cedar Rapids Kernels : RHP Orlando Guapo
|
Batting: RHB Chris Powell
|
0-0: Ball 1-0: Foul Ball, location: 2F 1-1: Ball 2-1: Ball 3-1: Base on Balls
|
Batting: RHB Adryão Anto
|
0-0: Ball Chris Powell is caught stealing 2nd base 2-4 1-0: Foul Ball, location: 2F 1-1: Foul Ball, location: 2F 1-2: Ball 2-2: Ball 3-2: Foul Ball, location: 2F 3-2: Ground out 6-3 (Groundball, 6, EV 78.8 MPH)
|
Batting: LHB Antonio Domingues
|
0-0: Ball 1-0: Called Strike 1-1: Ground out 5-3 (Groundball, 56, EV 106.9 MPH)
|
Top of the 2nd over - 0 runs, 0 hits, 0 errors, 0 left on base; Hickory 2 - Cedar Rapids 0 |
BOTTOM OF THE 2ND |
Cedar Rapids Kernels batting - Pitching for Hickory Crawdads : RHP Dan Landry
|
Batting: RHB Matt Dunn
|
0-0: Ball 1-0: Ball 2-0: Foul Ball, location: 2F 2-1: Ball 3-1: Base on Balls
|
Batting: LHB Mike Handrahan
|
0-0: Ball Matt Dunn is caught stealing 2nd base 2-6 1-0: Ball 2-0: Swinging Strike 2-1: Ball 3-1: Foul Ball, location: 2F 3-2: Foul Ball, location: 2F 3-2: Strikes out swinging
|
Batting: RHB Brian Gustus
|
0-0: Called Strike 0-1: Ball 1-1: Ball 2-1: Called Strike 2-2: Strikes out swinging
|
Bottom of the 2nd over - 0 runs, 0 hits, 0 errors, 0 left on base; Hickory 2 - Cedar Rapids 0 |
TOP OF THE 3RD |
Hickory Crawdads batting - Pitching for Cedar Rapids Kernels : RHP Orlando Guapo
|
Batting: RHB Jose Guerrero
|
0-0: Called Strike 0-1: Ball 1-1: Called Strike 1-2: Foul Ball, location: 2F 1-2: Fly out, F8 (Flyball, 8RD, EV 108.8 MPH)
|
Batting: RHB Theo van Gent
|
0-0: Ball 1-0: Called Strike 1-1: Ball 2-1: Foul Ball, location: 2F 2-2: Fly out, F9 (Line Drive, 9, EV 89.4 MPH)
|
Batting: RHB Luke Stark
|
0-0: Called Strike 0-1: Fly out, F5 (Popup, 5SF, EV 84.4 MPH)
|
Top of the 3rd over - 0 runs, 0 hits, 0 errors, 0 left on base; Hickory 2 - Cedar Rapids 0 |
BOTTOM OF THE 3RD |
Cedar Rapids Kernels batting - Pitching for Hickory Crawdads : RHP Dan Landry
|
Batting: RHB Jake Wirthlin
|
0-0: SINGLE (Groundball, 4MD, EV 97.5 MPH)
|
Batting: RHB Orlando Blanco
|
0-0: Called Strike 0-1: Swinging Strike 0-2: Foul Ball, location: 2F 0-2: Ball 1-2: Foul Ball, location: 2F 1-2: Strikes out looking
|
Batting: SHB Duri Chilemba
|
0-0: Called Strike 0-1: Foul Ball, location: 2F 0-2: Reached on error, E4 (Groundball, 4, EV 82.5 MPH) Jake Wirthlin to second
|
Batting: RHB Mike Craver
|
0-0: Ball 1-0: DOUBLE (Line Drive, 9LS, EV 109.4 MPH) Jake Wirthlin scores Duri Chilemba to third Runner from 3rd tries for Home, throw by RF and OUT! 9-4-2 Mike Craver to third
|
Batting: SHB Shohei Fujii
|
0-0: Called Strike 0-1: Ball 1-1: Swinging Strike 1-2: 2-RUN HOME RUN (Flyball, 9LD, EV 93.1 MPH), Distance : 339 ft
|
Batting: LHB Israel Montoya
|
0-0: Called Strike 0-1: Ball 1-1: Swinging Strike 1-2: Ball 2-2: Ball 3-2: Foul Ball, location: 2F 3-2: SINGLE (Groundball, 34D, EV 98.1 MPH)
|
Batting: RHB Matt Dunn
|
0-0: Ball 1-0: Ball 2-0: Foul Ball, location: 2F 2-1: DOUBLE (Line Drive, 7LM, EV 95.0 MPH) Israel Montoya to third
|
Batting: LHB Mike Handrahan
|
0-0: Ball 1-0: Foul Ball, location: 2F 1-1: Swinging Strike 1-2: Fly out, F7 (Flyball, 78S, EV 93.8 MPH)
|
Bottom of the 3rd over - 3 runs, 5 hits, 1 error, 2 left on base; Hickory 2 - Cedar Rapids 3 |
TOP OF THE 4TH |
Hickory Crawdads batting - Pitching for Cedar Rapids Kernels : RHP Orlando Guapo
|
Batting: RHB Bobby Larson
|
0-0: Called Strike 0-1: Ball 1-1: Ball 2-1: Ball 3-1: Base on Balls
|
Batting: LHB Franklin Quezada
|
0-0: Fly out, F8 (Flyball, 8LM, EV 91.3 MPH)
|
Batting: LHB Casper Kersten
|
0-0: Called Strike 0-1: Foul Ball, location: 2F 0-2: Strikes out swinging
|
Batting: RHB Chris Powell
|
0-0: Called Strike 0-1: Ball 1-1: Ground out 5-3 (Groundball, 56S, EV 85.6 MPH)
|
Top of the 4th over - 0 runs, 0 hits, 0 errors, 1 left on base; Hickory 2 - Cedar Rapids 3 |
BOTTOM OF THE 4TH |
Cedar Rapids Kernels batting - Pitching for Hickory Crawdads : RHP Dan Landry
|
Batting: RHB Brian Gustus
|
0-0: Reached via error on a dropped throw from 1B, E1 (Groundball, 34, EV 83.8 MPH)
|
Batting: RHB Jake Wirthlin
|
0-0: Ball 1-0: Ball 2-0: Called Strike 2-1: Grounds into double play, 6-4-3 (Groundball, 6, EV 85.0 MPH)
|
Batting: RHB Orlando Blanco
|
0-0: Ball 1-0: Fly out, F7 (Flyball, 78M, EV 91.3 MPH)
|
Bottom of the 4th over - 0 runs, 0 hits, 1 error, 0 left on base; Hickory 2 - Cedar Rapids 3 |
TOP OF THE 5TH |
Hickory Crawdads batting - Pitching for Cedar Rapids Kernels : RHP Orlando Guapo
|
Batting: RHB Adryão Anto
|
0-0: Called Strike 0-1: Swinging Strike 0-2: Strikes out swinging
|
Batting: LHB Antonio Domingues
|
0-0: Ball 1-0: Ground out 4-3 (Groundball, 4, EV 88.1 MPH)
|
Batting: RHB Jose Guerrero
|
0-0: Ball 1-0: Ball 2-0: Ground out 3-1 (Groundball, 34S, EV 65.0 MPH)
|
Top of the 5th over - 0 runs, 0 hits, 0 errors, 0 left on base; Hickory 2 - Cedar Rapids 3 |
BOTTOM OF THE 5TH |
Cedar Rapids Kernels batting - Pitching for Hickory Crawdads : RHP Dan Landry
|
Batting: SHB Duri Chilemba
|
0-0: Swinging Strike 0-1: Ball 1-1: Foul Ball, location: 2F 1-2: Ball 2-2: Strikes out swinging
|
Batting: RHB Mike Craver
|
0-0: Fly out, F9 (Flyball, 9D, EV 76.9 MPH)
|
Batting: SHB Shohei Fujii
|
0-0: Foul Ball, location: 2F 0-1: Called Strike 0-2: Strikes out looking
|
Bottom of the 5th over - 0 runs, 0 hits, 0 errors, 0 left on base; Hickory 2 - Cedar Rapids 3 |
TOP OF THE 6TH |
Hickory Crawdads batting - Pitching for Cedar Rapids Kernels : RHP Orlando Guapo
|
Batting: RHB Theo van Gent
|
0-0: Called Strike 0-1: Ball 1-1: Called Strike 1-2: Foul Ball, location: 2F 1-2: Ground out U3 (Groundball, 34S, EV 91.9 MPH)
|
Batting: RHB Luke Stark
|
0-0: Called Strike 0-1: Swinging Strike 0-2: Fly out, F8 (Flyball, 8LM, EV 78.1 MPH)
|
Batting: RHB Bobby Larson
|
0-0: Swinging Strike 0-1: Ball 1-1: Ball 2-1: Called Strike 2-2: DOUBLE (Line Drive, 89M, EV 105.0 MPH)
|
Batting: LHB Franklin Quezada
|
0-0: Called Strike 0-1: Fly out, F9 (Line Drive, 9S, EV 96.9 MPH)
|
Top of the 6th over - 0 runs, 1 hit, 0 errors, 1 left on base; Hickory 2 - Cedar Rapids 3 |
BOTTOM OF THE 6TH |
Cedar Rapids Kernels batting - Pitching for Hickory Crawdads : RHP Dan Landry
|
Batting: LHB Israel Montoya
|
0-0: Called Strike 0-1: Foul Ball, location: 2F 0-2: Strikes out swinging
|
Batting: RHB Matt Dunn
|
0-0: Ball 1-0: Swinging Strike 1-1: Foul Ball, location: 2F 1-2: Ball 2-2: Ball 3-2: Strikes out swinging
|
Batting: LHB Mike Handrahan
|
0-0: Ball 1-0: Called Strike 1-1: Called Strike 1-2: Strikes out looking
|
Bottom of the 6th over - 0 runs, 0 hits, 0 errors, 0 left on base; Hickory 2 - Cedar Rapids 3 |
TOP OF THE 7TH |
Hickory Crawdads batting - Pitching for Cedar Rapids Kernels : RHP Orlando Guapo
|
Pitching: LHP Stefano Traversoni
|
|
Batting: LHB Casper Kersten
|
0-0: Ground out 6-3 (Groundball, 4M, EV 80.6 MPH)
|
Pitching: RHP Bruce Wight
|
|
Batting: RHB Chris Powell
|
0-0: Ball 1-0: Foul Ball, location: 2F 1-1: Ground out 5-3 (Groundball, 5S, EV 90.6 MPH)
|
Pinch Hitting: LHB Nick Foutz
|
0-0: Ball 1-0: Called Strike 1-1: Called Strike 1-2: Strikes out swinging, 2-3 out at first.
|
Top of the 7th over - 0 runs, 0 hits, 0 errors, 0 left on base; Hickory 2 - Cedar Rapids 3 |
BOTTOM OF THE 7TH |
Cedar Rapids Kernels batting - Pitching for Hickory Crawdads : RHP Dan Landry
|
Now in LF: Nick Foutz
|
|
Now in CF: Franklin Quezada
|
|
Batting: RHB Brian Gustus
|
0-0: Swinging Strike 0-1: Foul Ball, location: 2F 0-2: Ball 1-2: Strikes out swinging
|
Batting: RHB Jake Wirthlin
|
0-0: Foul Ball, location: 2F 0-1: Ball 1-1: Swinging Strike 1-2: Ball 2-2: Strikes out swinging
|
Batting: RHB Orlando Blanco
|
0-0: Fly out, F5 (Line Drive, 5, EV 71.3 MPH)
|
Bottom of the 7th over - 0 runs, 0 hits, 0 errors, 0 left on base; Hickory 2 - Cedar Rapids 3 |
TOP OF THE 8TH |
Hickory Crawdads batting - Pitching for Cedar Rapids Kernels : RHP Bruce Wight
|
Batting: LHB Antonio Domingues
|
0-0: Ball 1-0: Called Strike 1-1: Bunt missed! 1-2: Ball 2-2: Strikes out looking
|
Pinch Hitting: LHB Ben Radach
|
0-0: Called Strike 0-1: Foul Ball, location: 2F 0-2: Foul Ball, location: 2F 0-2: Strikes out swinging
|
Batting: RHB Theo van Gent
|
0-0: Swinging Strike 0-1: Called Strike 0-2: Foul Ball, location: 2F 0-2: Foul Ball, location: 2F 0-2: Ball 1-2: Strikes out looking
|
Top of the 8th over - 0 runs, 0 hits, 0 errors, 0 left on base; Hickory 2 - Cedar Rapids 3 |
BOTTOM OF THE 8TH |
Cedar Rapids Kernels batting - Pitching for Hickory Crawdads : RHP Dan Landry
|
Pitching: RHP Orlando Mendoza
|
|
Now at 3B: Garrison Feltham
|
|
Now at SS: Casper Kersten
|
|
Batting: SHB Duri Chilemba
|
0-0: Foul Ball, location: 2F 0-1: Ball 1-1: Reached on error, E6 (Groundball, 6, EV 84.4 MPH)
|
Batting: RHB Mike Craver
|
0-0: Called Strike 0-1: Ball 1-1: Ball 2-1: Ball 3-1: Foul Ball, location: 2F 3-2: DOUBLE (Flyball, 8RXD, EV 108.8 MPH) Duri Chilemba to third
|
Batting: SHB Shohei Fujii
|
0-0: SINGLE (Flyball, 8RS, EV 92.5 MPH) Duri Chilemba scores Mike Craver to third
|
Batting: LHB Israel Montoya
|
0-0: Ball Pickoff Throw by Catcher to First - Out! 1-0: Foul Ball, location: 2F 1-1: Ground out U3 (Groundball, 34, EV 81.3 MPH)
|
Batting: RHB Matt Dunn
|
0-0: Called Strike 0-1: Foul Ball, location: 2F 0-2: Ball 1-2: Ball 2-2: Ball 3-2: Base on Balls
|
Batting: LHB Mike Handrahan
|
0-0: Ball 1-0: Foul Ball, location: 2F 1-1: Swinging Strike 1-2: Ball Matt Dunn is caught stealing 2nd base 2-6
|
Bottom of the 8th over - 1 run, 2 hits, 1 error, 1 left on base; Hickory 2 - Cedar Rapids 4 |
TOP OF THE 9TH |
Hickory Crawdads batting - Pitching for Cedar Rapids Kernels : RHP Bruce Wight
|
Pitching: RHP Steven Legge
|
|
Batting: RHB Luke Stark
|
0-0: Called Strike 0-1: Called Strike 0-2: Foul Ball, location: 2F 0-2: Strikes out looking
|
Batting: RHB Bobby Larson
|
0-0: Ball 1-0: Called Strike 1-1: Ball 2-1: Called Strike 2-2: Foul Ball, location: 2F 2-2: SINGLE (Groundball, 56D, EV 93.8 MPH)
|
Batting: LHB Franklin Quezada
|
0-0: Swinging Strike 0-1: Foul Ball, location: 2F 0-2: Grounds into double play, 6-4-3 (Groundball, 6, EV 105.0 MPH)
|
Top of the 9th over - 0 runs, 1 hit, 0 errors, 0 left on base; Hickory 2 - Cedar Rapids 4 |
|